Map: Overgrown Facility

Players

Jocaur

  • Race: Protoss Protoss
  • Spawn Location: 3:00

IIIIIIIIIIII

  • Race: Zerg Zerg
  • Spawn Location: 1:00

sukerpuncher - Winner!

  • Race: Terran Terran
  • League: Diamond
  • Spawn Location: 9:00

Adversity - Winner!

  • Race: Terran Terran
  • Spawn Location: 7:00

VOD

Have the link to the VOD?

Description

Time

  • Played on: June 25, 2018, 10:40 p.m.
  • Length: 10:08
Show
View Real Time Build Order
Export as new Build Order

Jocaur Protoss 

Build Orders: 1 Gate Expand, Oracle Opening 

Get SALT Encoding   

  12  0:01  Probe  
  13  0:13  Probe  
  14  0:23  Pylon  
  14  0:27  Probe  
  15  0:41  Probe  
  16  0:42  Gateway  
  16  0:53  Probe  
  16  0:56  Assimilator  
  17  1:05  Probe  
  18  1:17  Probe  
  19  1:29  Probe  
  20  1:42  Nexus  
  20  1:44  Cybernetics Core  
  20  1:49  Pylon  
  20  1:55  Probe  
  20  2:01  Assimilator  
  21  2:04  Probe  
  22  2:12  Probe  
  22  2:15  Adept  
  22  2:22  Warp Gate  
  24  2:33  Probe  
  25  2:41  Stargate  
  25  2:54  Stalker  
  25  2:55  Probe  
  28  3:02  Probe  
  28  3:05  Probe  
  30  3:14  Oracle  
  33  3:27  Probe  
  33  3:33  Probe  
  35  3:39  Probe  
  36  3:44  Nexus  
  36  3:45  Probe  
  37  3:54  Probe  
  37  3:59  Probe  
  37  4:01  Oracle  
  38  4:06  Assimilator  
  38  4:07  Probe  
  42  4:10  Assimilator  
  42  4:11  Probe  
  42  4:13  Gateway  
  43  4:19  Probe  
  44  4:34  Gateway  
  44  4:36  Gateway, Pylon  
  44  4:39  Pylon  
  44  4:46  Oracle  
  44  4:49  Probe  
  44  4:52  Gateway  
  45  4:55  Gateway  
  45  4:59  Gateway  
  48  5:02  Probe  
  48  5:04  Probe  
  50  5:10  Adept  
  52  5:15  Adept  
  54  5:23  Probe x3  
  57  5:29  Adept  
  57  5:30  Adept  
  57  5:35  Probe x2  
  63  5:38  Adept x2  
  67  5:46  Probe  
  67  5:49  Pylon  
  68  5:53  Stalker x3  
  72  6:07  Stalker x2  
  72  6:08  Stalker x2  
  75  6:21  Probe x3  
  75  6:23  Assimilator  
  78  6:27  Assimilator  
  78  6:28  Phoenix  
  78  6:30  Adept x2  
  84  6:33  Probe, Pylon  
  84  6:37  Pylon  
  85  6:51  Probe x3  
  88  6:55  Adept, Forge  
  88  6:56  Adept x2  
  88  6:57  Forge  
  92  7:03  Adept x2  
  66  7:09  Adept x2  
  49  7:16  Adept x3  
  45  7:25  Stalker x2  
  46  7:40  Stalker x3  
  46  7:42  Zealot  
  54  7:45  Protoss Ground Weapons Level 1  
  54  7:48  Adept  
  56  7:58  Protoss Ground Armor Level 1  
  56  8:11  Nexus, Probe  
  56  8:15  Probe  
  58  8:27  Adept x4  
  52  8:47  Adept x3  
  52  8:48  Adept  
  35  9:18  Nexus  
  35  9:27  Probe  
  35  9:28  Twilight Council  
  36  9:39  Probe  
  37  9:51  Adept x3  
  37  9:52  Adept, Probe  
Show
View Real Time Build Order
Export as new Build Order

IIIIIIIIIIII Zerg 

Build Orders: Pool First, Muta Ling Bane 

Get SALT Encoding   

  12  0:01  Drone  
  13  0:08  Drone  
  14  0:18  Overlord  
  14  0:37  Drone x3  
  17  0:46  Spawning Pool  
  16  0:50  Extractor  
  15  1:15  Hatchery  
  15  1:18  Drone  
  15  1:22  Drone  
  16  1:28  Drone  
  17  1:34  Overlord  
  17  1:41  Zergling x2  
  18  1:52  Queen  
  20  2:00  Metabolic Boost  
  20  2:07  Drone  
  21  2:09  Zergling x2  
  22  2:27  Queen  
  22  2:29  Drone x2  
  26  2:31  Drone  
  27  2:40  Drone x2  
  29  2:47  Baneling Nest  
  28  2:52  Overlord  
  28  2:58  Overlord  
  28  3:05  Zergling x2  
  28  3:06  Zergling x2  
  30  3:14  Zergling x6  
  30  3:18  Zergling x2  
  30  3:19  Zergling x2  
  35  3:31  Zergling x4  
  35  3:33  Baneling x4  
  37  3:38  Zergling x2  
  37  3:39  Zergling x4  
  40  3:43  Zergling x2  
  40  3:44  Zergling x2  
  42  3:59  Zergling x4  
  42  4:00  Zergling x6  
  43  4:11  Zergling x2  
  40  4:29  Drone x5  
  45  4:32  Lair  
  45  4:42  Drone x3  
  45  4:43  Drone  
  49  4:57  Overlord  
  49  5:06  Overlord  
  49  5:08  Drone x2  
  49  5:09  Extractor  
  49  5:10  Drone  
  51  5:15  Hatchery  
  50  5:26  Zergling x6  
  50  5:28  Drone x2  
  55  5:29  Drone x3  
  55  5:32  Extractor  
  55  5:34  Drone x3, Extractor  
  59  5:41  Centrifical Hooks  
  56  6:07  Zergling x4  
  56  6:08  Spire, Zergling x4  
  56  6:10  Overlord x2  
  56  6:11  Overlord  
  59  6:19  Overlord  
  59  6:21  Overlord  
  59  6:24  Drone  
  60  6:27  Drone x2  
  60  6:28  Drone x3  
  65  6:34  Drone x2  
  65  6:36  Overseer  
  67  6:43  Baneling x8  
  67  6:44  Baneling x2  
  67  6:45  Baneling  
  67  6:50  Zergling x6  
  70  6:55  Overseer  
  70  6:57  Zergling x6  
  73  7:11  Zergling x8  
  73  7:12  Zergling x10  
  82  7:18  Zergling x4  
  79  7:29  Zergling x2  
  67  7:30  Zergling x4  
  67  7:31  Zergling x4  
  67  7:33  Zergling x2  
  67  7:41  Baneling x9  
  67  7:43  Baneling x2  
  67  7:45  Zergling x4  
  67  7:46  Zergling x4  
  67  7:49  Baneling  
  67  7:50  Baneling x3  
  71  7:55  Mutalisk x3  
  77  8:07  Mutalisk x2  
  77  8:09  Evolution Chamber  
  77  8:12  Mutalisk  
  80  8:21  Mutalisk  
  79  8:30  Queen  
  76  8:37  Zergling x4  
  76  8:38  Zergling x8  
  76  8:39  Zergling x2  
  76  8:40  Zergling x4  
  83  8:45  Zergling x4  
  85  8:49  Baneling x2  
  73  9:04  Queen  
  73  9:08  Drone  
  73  9:09  Drone  
  77  9:10  Drone x2  
  79  9:17  Mutalisk  
  81  9:25  Extractor  
  81  9:29  Baneling, Zergling x6  
  81  9:30  Zergling x8  
  87  9:31  Extractor  
  83  9:41  Zergling x2  
  65  9:46  Zergling x4  
Show
View Real Time Build Order
Export as new Build Order

sukerpuncher Terran - Winner!

Build Orders:  

Get SALT Encoding   

  12  0:01  SCV  
  13  0:13  SCV  
  14  0:23  Supply Depot  
  14  0:25  SCV  
  15  0:45  SCV  
  15  0:47  Barracks  
  16  0:51  Refinery  
  16  0:57  SCV  
  17  1:06  Barracks  
  17  1:09  SCV  
  18  1:21  SCV  
  19  1:34  Orbital Command  
  19  1:35  Marine  
  20  1:51  Supply Depot  
  20  1:53  Barracks Tech Lab  
  20  1:54  Marine  
  20  2:00  SCV  
  22  2:12  Marine  
  22  2:13  SCV  
  22  2:14  Marine  
  25  2:17  Stimpack  
  25  2:25  SCV  
  26  2:30  Marine  
  26  2:33  Supply Depot  
  26  2:34  Marine  
  28  2:39  Factory  
  28  2:42  SCV  
  29  2:47  Marine  
  30  2:52  Marine  
  31  3:05  Marine  
  31  3:06  SCV  
  31  3:09  Marine  
  34  3:19  SCV  
  35  3:21  Refinery  
  35  3:23  Marine, Starport  
  35  3:27  Marine  
  36  3:34  Factory Reactor  
  36  3:37  Supply Depot  
  36  3:41  Marine  
  36  3:42  SCV  
  36  3:46  Marine  
  39  3:58  Command Center  
  39  4:02  SCV  
  40  4:05  Marine  
  41  4:16  Marine  
  42  4:23  Marine  
  43  4:34  Marine  
  43  4:35  Combat Shield  
  43  4:38  Medivac  
  46  4:41  Marine  
  47  4:53  Marine  
  47  4:54  Medivac, SCV  
  47  4:59  Marine  
  52  5:11  Marine  
  53  5:17  Marine  
  54  5:29  Marine  
  54  5:34  Marine  
  56  5:47  Marine  
  57  5:52  Marine  
  58  6:05  Marine  
  58  6:10  Marine  
  40  6:20  SCV  
  40  6:22  Marine, Orbital Command  
  42  6:26  Liberator x2  
  42  6:30  Concussive Shells  
  42  6:32  Barracks  
  42  6:34  Barracks x2  
  42  6:38  Barracks Reactor  
  42  6:46  Marauder  
  50  6:48  Command Center  
  50  7:07  Marauder  
  52  7:13  SCV x2  
  54  7:25  SCV x2  
  54  7:26  Medivac x2  
  54  7:29  Marauder  
  50  7:31  Marine x2  
  50  7:44  Barracks Reactor x2, Barracks Tech Lab  
  50  7:49  Marine x2  
  50  7:50  Marauder  
  54  7:56  SCV x2  
  56  8:01  Supply Depot  
  56  8:02  Supply Depot  
  56  8:03  Orbital Command  
  56  8:05  Supply Depot x2  
  56  8:07  Marine x2  
  56  8:08  SCV  
  56  8:09  SCV  
  56  8:11  Marauder  
  62  8:20  SCV  
  62  8:21  SCV  
  62  8:25  Marine  
  64  8:27  Marine x3, Marauder  
  64  8:28  Marine x2  
  64  8:29  Medivac x2  
  64  8:33  Marauder  
  75  8:38  Engineering Bay  
  75  8:39  Engineering Bay  
  72  8:42  Marine  
  72  8:45  Marine x3  
  78  8:48  Marauder  
  78  8:50  SCV  
  78  8:51  SCV x2  
  78  8:54  Marauder  
  83  8:57  Marine x2  
  83  9:00  Marine  
  86  9:04  Medivac x2  
  86  9:09  Missile Turret  
  92  9:10  Marauder  
  92  9:12  Refinery  
  92  9:14  Refinery  
  92  9:15  Missile Turret  
  92  9:16  Marauder  
  94  9:17  Missile Turret  
  94  9:20  Supply Depot  
  94  9:22  Supply Depot, SCV x3  
  97  9:28  Missile Turret  
  97  9:42  Marine x4, Marauder x2  
Show
View Real Time Build Order
Export as new Build Order

Adversity Terran - Winner!

Build Orders: Reaper Expand 

Get SALT Encoding   

  12  0:03  SCV  
  13  0:15  SCV  
  13  0:20  Supply Depot  
  14  0:34  SCV  
  15  0:44  Barracks  
  15  0:46  SCV  
  15  0:47  Refinery  
  16  0:58  SCV  
  17  1:11  SCV  
  18  1:23  SCV  
  19  1:43  Reaper  
  19  1:44  Orbital Command  
  20  1:56  Command Center  
  20  1:58  Supply Depot  
  20  2:10  SCV  
  20  2:11  Barracks  
  21  2:16  Barracks Reactor  
  21  2:26  SCV  
  21  2:29  Barracks  
  22  2:35  Supply Depot  
  22  2:38  SCV  
  23  2:50  SCV  
  24  2:52  Engineering Bay  
  24  2:55  Marine x2  
  24  2:58  Barracks Tech Lab  
  26  3:02  SCV  
  27  3:09  Orbital Command  
  27  3:13  Marine x2  
  27  3:17  SCV  
  27  3:18  Marine x2  
  32  3:26  Stimpack  
  32  3:29  SCV  
  32  3:30  Missile Turret  
  33  3:35  Missile Turret  
  33  3:37  SCV  
  34  3:46  Marine x3  
  37  3:53  SCV x2  
  37  3:54  Refinery, Marine  
  39  4:11  Marine x3  
  39  4:12  Marine  
  39  4:13  SCV  
  39  4:14  SCV  
  39  4:15  Barracks  
  45  4:18  Barracks  
  45  4:20  Factory  
  45  4:26  SCV x2  
  45  4:29  Terran Infantry Weapons Level 1  
  47  4:35  Marine x4  
  47  4:38  SCV  
  52  4:39  SCV  
  52  4:45  Supply Depot  
  53  4:47  Supply Depot  
  53  4:54  SCV  
  54  5:04  Factory Reactor, Starport  
  54  5:06  SCV  
  55  5:07  Refinery  
  55  5:08  Refinery  
  55  5:10  SCV  
  56  5:18  SCV  
  57  5:22  SCV  
  57  5:25  Barracks Reactor x2  
  57  5:26  Marine x3, Barracks Reactor  
  61  5:31  SCV  
  61  5:33  Supply Depot x2  
  62  5:37  Combat Shield  
  62  5:43  SCV x2  
  62  5:47  Marine x3  
  67  5:55  SCV x2  
  67  5:56  Supply Depot  
  69  5:58  Medivac x2  
  69  6:04  Marine x5  
  73  6:05  Marine  
  73  6:06  Marine x2  
  73  6:07  Marine  
  82  6:22  Engineering Bay  
  82  6:23  Terran Infantry Armor Level 1, Armory  
  82  6:25  Supply Depot  
  82  6:28  Marine  
  82  6:29  Marine x6  
  89  6:35  Supply Depot  
  89  6:39  Supply Depot  
  89  6:41  Supply Depot  
  89  6:45  Marine  
  90  6:50  Medivac x2  
  94  6:55  Marine x4  
  94  6:56  Marine x2  
  98  7:03  Supply Depot  
  84  7:28  Marine x4  
  86  7:33  Marine  
  86  7:34  Marine x4  
  86  7:35  Medivac x2  
  94  7:42  Terran Infantry Weapons Level 2  
  94  7:46  Marine x2  
  96  7:54  Marine x5  
  96  7:55  Marine  
  96  7:56  Marine  
  96  7:58  SCV x2  
  105  7:59  Command Center  
  105  8:10  SCV x2  
  105  8:11  Marine x3  
  105  8:12  Marine  
  111  8:14  Marine x2  
  111  8:15  Marine x2  
  115  8:22  SCV x2  
  115  8:23  Medivac x2  
  115  8:25  Marine  
  122  8:31  Supply Depot  
  114  8:53  Medivac x2  
  115  9:01  Marine x9  
  92  9:08  Barracks  
  92  9:09  Barracks  
  90  9:10  Barracks  
  90  9:12  Missile Turret x2  
  90  9:17  Orbital Command  
  90  9:18  Marine, SCV x2  
  90  9:24  Sensor Tower  
  93  9:25  Missile Turret  
  93  9:26  Marine  
  93  9:28  Marine  
  93  9:29  Marine x3  
  98  9:32  Marine  
  96  9:46  Marine x2  
  96  9:47  Marine x2  
  96  9:48  Marine x2  
  102  10:00  Barracks Tech Lab  
  102  10:02  Barracks Tech Lab x2  
Tags
 
Add a new tag
Caveats
  • Supply blocks, unpowered buildings, or Contaminate may cause inaccurate times.
  • Supply counts are checked every 10 seconds.